 Dungeon Crawl Stone Soup version 0.29.0-4-gdea44cf6ec (webtiles) character file.

Game seed: 15256907116337276158

641 qw the Chopper (level 7, -1/43 HPs)
             Began as a Tengu Warper on Aug 28, 2022.
             Killed from afar by an orc wizard (2 damage)
             ... with a magic dart
             ... on level 3 of the Dungeon.
             The game lasted 00:00:25 (4128 turns).

qw the Chopper (Tengu Warper)                       Turns: 4128, Time: 00:00:26

Health: -1/43      AC:  9    Str: 12 (13) XL:     7   Next: 51%
Magic:  11/11      EV:  7    Int: 14      God:
Gold:   173        SH:  0    Dex: 13      Spells: 10/10 levels left

rFire   . . .      SeeInvis .   Y - +1 hand axe
rCold   . . .      Faith    .   (no shield)
rNeg    . . .      Spirit   .   o - +0 chain mail
rPois   .          Reflect  .   (helmet restricted)
rElec   .          Harm     .   a - +0 cloak
rCorr   .          Rampage  .   (no gloves)
Will    .....                   (boots unavailable)
Stlth   ..........              (no amulet)
HPRegen 0.14/turn               (no ring)
MPRegen 0.12/turn               (no ring)

@: flying quickly and evasively, quick
A: beak, talons 3, nimble flight
a: no special abilities


You were on level 3 of the Dungeon.
You visited 1 branch of the dungeon, and saw 4 of its levels.

You collected 173 gold pieces.


Innate Abilities, Weirdness & Mutations

You have a beak for a mouth.
You have claws for feet.
Your magical nature lets you fly swiftly and evasively.


   Skills:
 - Level 4.0 Fighting
 + Level 7.7 Axes
 - Level 1.0 Throwing
 - Level 2.1 Armour
 - Level 2.1 Dodging
 - Level 2.0 Spellcasting
 - Level 2.4 Translocations


You had 10 spell levels left.
You didn't know any spells.
Your spell library contained the following spells:

 Spells                   Type           Power      Damage    Failure   Level
 Blink                    Tloc           16%        N/A       99%         2
 Gell's Gravitas          Tloc           8%         N/A       100%        3
 Lesser Beckoning         Tloc           8%         N/A       100%        3
 Teleport Other           Tloc           8%         N/A       100%        3
 Manifold Assault         Tloc           8%         N/A       100%        5

Inventory:

Hand Weapons
 d - a +0 morningstar
 Y - a +1 hand axe (weapon)
Missiles
 n - 2 javelins (quivered)
Armour
 a - a +0 cloak (worn)
 o - a +0 chain mail (worn)
 p - a +0 pair of gloves
Wands
 j - a wand of digging (7)
Scrolls
 b - 2 scrolls of identify
 m - a scroll of noise {unknown}
Potions
 c - a potion of mutation {unknown}
 e - a potion of invisibility {unknown}
 f - a potion of ambrosia {unknown}
 g - a potion of cancellation
 h - 3 potions of flight {unknown}
 i - a potion of might {unknown}
 k - a potion of resistance {unknown}
 l - a potion of berserk rage {unknown}

Dungeon Overview and Level Annotations

Branches:
Dungeon (4/15)
 Temple: D:4-7

Altars:
Cheibriados
Xom
Zin
The Shining One

Portals:
Abyss: D:3

Annotations:
D:3 2 transporters, Grinder; qw's ghost, amateur TeWr


Message History

The magic dart hits you.
You hit the orc wizard. Your kick misses the orc wizard.
The orc wizard is lightly wounded.
The orc wizard hits you with a +0 dagger.
You hit the orc wizard. Your kick misses the orc wizard.
Your peck misses the orc wizard.
The orc wizard is moderately wounded.
The orc wizard hits you but does no damage.
You slash the orc wizard! You claw the orc wizard.
You kill the orc wizard!
Grinder opens the large door. 2 orc wizards come into view.
The orc wizard shouts! x2
The orc wizard casts a spell at you.
You are confused.
The orc wizard gestures at you while chanting.
The puff of flame hits you! Grinder gestures at you.
You suddenly lose the ability to move!
You hear a shout!
An orc warrior comes into view. It is wielding a +0 halberd.
You can move again.
You see here a fuming ruby potion.
You miss Grinder. Your kick misses Grinder. Grinder hits you.
You writhe in agony.
You closely miss Grinder. Your kick misses Grinder.
Grinder hits you but does no damage.
Grinder blinks!
The orc warrior unwields a +0 halberd.
The orc warrior wields a +2 arbalest of flaming.
It bursts into flame!
The orc warrior shoots a bolt.
The bolt hits you! The bolt burns you. Grinder gestures at you.
Pain shoots through your body!
You feel less confused.
You hit Grinder.
Grinder is lightly wounded.
The orc wizard casts a spell at you. The magic dart hits you.
You die...

....
+........>........#
###........
#.##....###.#######
............
#....#.## #.#
................###.#
#.# ........?......##
#.# #.#
..........oo.#.# #.#
#.#
.............#+####.#
#.#
......####...)..5.#.#
#.#
...##........o..@.#
#.# ###<#
###....!...# #.# .#
#........# #.# #
#....'#### #.#
##....'. #.#
.##.....##########.#
...................#
#..###.#############
..# ...


You could see Grinder, an orc warrior and 2 orc wizards.

Vanquished Creatures
  Sigmund (D:3)
  Pargi (D:4)
  A scorpion (D:3)
  An orc priest (D:3)
  A hound (D:4)
  Ijyb (D:3)
  Natasha (twice) (D:3)
  2 orc wizards
  6 adders
  3 worms
  9 orcs
  10 ball pythons
  4 bats
  3 endoplasms
  2 giant cockroaches (D:1)
  11 hobgoblins
  2 quokkas
  3 frilled lizards
  6 goblins
  3 kobolds
  10 rats
82 creatures vanquished.

Notes
Turn   | Place    | Note
-------+----------+-------------------------------------------
     0 | D:1      | qw the Tengu Warper began the quest for the Orb.
     0 | D:1      | Reached XP level 1. HP: 12/12 MP: 4/4
     0 | D:1      | 0 ||| qw: Version: 0.1-a-89-g26bdef1
     0 | D:1      | 0 ||| qw: Game counter: 3182
     0 | D:1      | 0 ||| qw: Always use a shield: true
     0 | D:1      | 0 ||| qw: God list: Okawaru
     0 | D:1      | 0 ||| qw: Allow faded altars: false
     0 | D:1      | 0 ||| qw: Do Orc after D:15 true
     0 | D:1      | 0 ||| qw: Do second Lair branch before Depths: true
     0 | D:1      | 0 ||| qw: Lair rune preference: random
     0 | D:1      | 0 ||| qw: Plans: Normal
     0 | D:1      | 0 ||| PLANNING D:1-11
   120 | D:1      | Reached XP level 2. HP: 17/17 MP: 6/6
   142 | D:1      | Reached skill level 3 in Axes
   298 | D:1      | 298 ||| Stepping ~*~*~tactically~*~*~ (stealth).
   520 | D:1      | 520 ||| DROPPING +0 club.
   664 | D:1      | 664 ||| UPGRADING to +0 chain mail.
   674 | D:1      | 674 ||| DROPPING +0 leather armour.
   675 | D:1      | 675 ||| READING scroll labelled PYGYKU CESKA.
   676 | D:1      | 676 ||| READING scroll labelled MIGIRUFYRECW.
   677 | D:1      | 677 ||| READING scroll labelled VUGUSA CEMI.
   678 | D:1      | 678 ||| DRINKING 2 bubbling clear potions.
   679 | D:1      | 679 ||| DROPPING scroll of blinking.
   879 | D:2      | Reached XP level 3. HP: 21/21 MP: 7/7
   909 | D:2      | 909 ||| FLEEEEING.
   910 | D:2      | 910 ||| FLEEEEING.
   911 | D:2      | 911 ||| FLEEEEING.
   919 | D:2      | 919 ||| STAIRDANCE
  1108 | D:2      | 1108 ||| Stepping ~*~*~tactically~*~*~ (stealth).
  1134 | D:2      | Reached skill level 4 in Axes
  1145 | D:2      | 1145 ||| Stepping ~*~*~tactically~*~*~ (stealth).
  1240 | D:2      | 1240 ||| Stepping ~*~*~tactically~*~*~ (stealth).
  1411 | D:2      | Reached XP level 4. HP: 23/26 MP: 8/8
  1695 | D:2      | 1695 ||| UPGRADING to +0 cloak.
  1700 | D:2      | 1700 ||| READING scroll labelled OZAOLU ZUNK.
  1701 | D:2      | 1701 ||| DRINKING 2 green potions.
  1702 | D:2      | 1702 ||| Stepping randomly (stuck).
  1703 | D:2      | 1703 ||| Stepping ~*~*~tactically~*~*~ (cloud).
  1706 | D:2      | HP: 6/26 [poisoned by you (poison gas)]
  1709 | D:2      | HP: 2/26 [poisoned by you (poison gas)]
  2064 | D:3      | Reached skill level 5 in Axes
  2065 | D:3      | Noticed Natasha
  2066 | D:3      | 2066 ||| Stepping ~*~*~tactically~*~*~ (hiding).
  2075 | D:3      | Killed Natasha
  2127 | D:3      | 2127 ||| FLEEEEING.
  2128 | D:3      | 2128 ||| FLEEEEING.
  2129 | D:3      | 2129 ||| FLEEEEING.
  2135 | D:3      | You fall into a shaft and drop 1 floor!
  2136 | D:4      | 2136 ||| PLANNING SEWER
  2377 | D:4      | Noticed Pargi
  2390 | D:4      | HP: 6/26 [Pargi (1)]
  2391 | D:4      | 2391 ||| DRINKING 2 potions of heal wounds.
  2395 | D:4      | Killed Pargi
  2396 | D:4      | Reached skill level 6 in Axes
  2396 | D:4      | Gained mutation: Your magical nature lets you fly swiftly
                  | and evasively. [Tengu growth]
  2396 | D:4      | Reached XP level 5. HP: 19/30 MP: 9/9
  2824 | D:4      | 2824 ||| READING scroll labelled WUNI SIMEXEGE.
  2867 | D:4      | Found a glowing drain.
  2868 | D:4      | 2868 ||| DROPPING ring of wizardry.
  2869 | D:4      | 2869 ||| READING scroll labelled MUCVUM POODD.
  2870 | D:4      | 2870 ||| DRINKING 2 bubbling golden potions.
  2871 | D:4      | 2871 ||| DROPPING potion of degeneration.
  2877 | D:4      | 2877 ||| Stepping randomly (stuck).
  2878 | D:4      | 2878 ||| Stepping randomly (stuck).
  2879 | D:4      | 2879 ||| Stepping randomly (stuck).
  2881 | D:4      | 2881 ||| Stepping randomly (stuck).
  2883 | D:4      | 2883 ||| Stepping randomly (stuck).
  2949 | D:4      | 2949 ||| Stepping ~*~*~tactically~*~*~ (hiding).
  2956 | D:4      | Reached XP level 6. HP: 32/35 MP: 10/10
  2983 | D:4      | HP: 5/35 [hound (4)]
  2984 | D:4      | 2984 ||| DRINKING potion of heal wounds.
  3005 | D:4      | 3005 ||| Stepping ~*~*~tactically~*~*~ (stealth).
  3175 | D:4      | 3175 ||| RIP SEWER
  3175 | D:4      | 3175 ||| PLANNING D:1-11
  3282 | D:3      | 3282 ||| DROPPING +0 whip.
  3314 | D:3      | 3314 ||| Stepping ~*~*~tactically~*~*~ (stealth).
  3317 | D:3      | 3317 ||| Stepping ~*~*~tactically~*~*~ (hiding).
  3319 | D:3      | 3319 ||| Stepping ~*~*~tactically~*~*~ (hiding).
  3332 | D:3      | Reached skill level 7 in Axes
  3333 | D:3      | HP: 6/35 [orc/+0 whip (3)]
  3345 | D:3      | Noticed Natasha
  3346 | D:3      | 3346 ||| FLEEEEING.
  3382 | D:3      | 3382 ||| FLEEEEING.
  3383 | D:3      | 3383 ||| FLEEEEING.
  3384 | D:3      | 3384 ||| FLEEEEING.
  3384 | D:3      | Found a one-way gate to the infinite horrors of the Abyss.
  3385 | D:3      | 3385 ||| FLEEEEING.
  3386 | D:3      | 3386 ||| FLEEEEING.
  3387 | D:3      | 3387 ||| FLEEEEING.
  3388 | D:3      | 3388 ||| FLEEEEING.
  3389 | D:3      | 3389 ||| FLEEEEING.
  3390 | D:3      | 3390 ||| FLEEEEING.
  3391 | D:3      | 3391 ||| FLEEEEING.
  3392 | D:3      | 3392 ||| FLEEEEING.
  3393 | D:3      | 3393 ||| STAIRDANCE
  3629 | D:3      | Killed Natasha
  3683 | D:3      | Noticed Sigmund
  3701 | D:3      | Killed Sigmund
  3702 | D:3      | Reached XP level 7. HP: 30/43 MP: 11/11
  3711 | D:3      | 3711 ||| FLEEEEING.
  3712 | D:3      | 3712 ||| FLEEEEING.
  3807 | D:3      | Found a transporter.
  3811 | D:3      | Found a transporter.
  3822 | D:3      | Noticed a toenail golem
  3823 | D:3      | Noticed qw's ghost (amateur TeWr)
  3828 | D:3      | Noticed Ijyb
  3829 | D:3      | Paralysed by Ijyb for 5 turns
  3843 | D:3      | Killed Ijyb
  3922 | D:3      | Found a snail-covered altar of Cheibriados.
  3923 | D:3      | Found a glowing silver altar of Zin.
  3925 | D:3      | Found a glowing golden altar of the Shining One.
  3925 | D:3      | Found a shimmering altar of Xom.
  4102 | D:3      | Noticed Grinder
  4108 | D:3      | 4108 ||| Stepping ~*~*~tactically~*~*~ (hiding).
  4109 | D:3      | 4109 ||| Stepping ~*~*~tactically~*~*~ (hiding).
  4110 | D:3      | 4110 ||| Stepping ~*~*~tactically~*~*~ (hiding).
  4119 | D:3      | Paralysed by Grinder for 2 turns
  4126 | D:3      | HP: 1/43 [Grinder/nerve-wracking pain (10)]
  4128 | D:3      | Killed from afar by an orc wizard

Levels and vault maps discovered:
D:1:      heliophobic_arrival_enchanted_forest, layout_rooms
D:2:      layout_basic
D:3:      layout_basic, mainiacjoe_overflow_alcove_3,
          gammafunk_ghost_abyssal_escape, uniq_natasha, uniq_ijyb, uniq_sigmund,
          uniq_grinder
D:4:      minmay_angry_zag, layout_basic, overflow_temple_1_default,
          cheibrodos_sewer_entry_bend, minmay_misc_feat_rugged, uniq_pargi

Skill      XL: |  1  2  3  4  5  6 |
---------------+-------------------+-----
Axes           | 3 4 6 7 |  7.7
Armour         | 2 |  2.1
Fighting       | 4 |  4.0
Throwing       | |  1.0
Dodging        | |  2.1
Spellcasting   | |  2.0
Translocations | |  2.4

Action                   |  1- 3 |  4- 6 |  7- 9 || total
-------------------------+-------+-------+-------++-------
Melee: Hand axe          |    79 |   112 |    22 ||   213
       Kick              |    11 |    27 |     5 ||    43
       Peck              |     7 |    17 |     4 ||    28
       Punch             |       |     1 |       ||     1
Throw: Boomerang         |     7 |       |       ||     7
       Javelin           |    33 |    22 |     2 ||    57
  Use: Scroll            |     3 |     3 |       ||     6
       Potion            |     1 |     4 |       ||     5
Armor: Leather armour    |     8 |       |       ||     8
       Chain mail        |    17 |    76 |     6 ||    99
Dodge: Dodged            |    34 |    26 |     5 ||    65

Table legend:
 A = Non-vault XP
 B = Vault XP
 C = Vault XP percentage of total XP
 D = Non-vault monster count
 E = Vault monster count
 F = Vault count percentage of total count
                 A         B        C        D         E       F
            +---------+---------+-------+---------+---------+-------
      Total |     415 |     501 |  54.7 |      72 |      10 |  12.2
            +---------+---------+-------+---------+---------+-------
        D:1 |      30 |       0 |   0.0 |      20 |       0 |   0.0
        D:2 |      82 |       0 |   0.0 |      28 |       0 |   0.0
        D:3 |     238 |     298 |  55.6 |      15 |       3 |  16.7
        D:4 |      65 |     203 |  75.7 |       9 |       7 |  43.8
            +---------+---------+-------+---------+---------+-------
